TOP OF THE 1ST |
Toledo Mud Hens batting - Pitching for Columbus Jets : RHP Darryl Banks
|
Pitching: RHP Darryl Banks
|
|
Batting: RHB Nick Capra
|
0-0: Ball 1-0: Called Strike 1-1: Ball 2-1: Called Strike 2-2: Foul Ball, location: 2F 2-2: Ball 3-2: Fly out, F7 (Flyball, 7LM, EV 81.3 MPH)
|
Batting: RHB Don Lyle
|
0-0: Called Strike 0-1: Ball 1-1: Called Strike 1-2: Fly out, F9 (Flyball, 9LD, EV 86.9 MPH)
|
Batting: SHB Ken Henderson
|
0-0: Ball 1-0: Called Strike 1-1: Called Strike 1-2: Strikes out swinging
|
Top of the 1st over - 0 runs, 0 hits, 0 errors, 0 left on base; Toledo 0 - Columbus 0 |
BOTTOM OF THE 1ST |
Columbus Jets batting - Pitching for Toledo Mud Hens : RHP Dennis Deck
|
Pitching: RHP Dennis Deck
|
|
Batting: LHB Craig Brooks
|
0-0: Called Strike 0-1: Swinging Strike 0-2: Ball 1-2: Strikes out swinging
|
Batting: RHB Greg Schultz
|
0-0: Fly out, F8 (Line Drive, 8RM, EV 89.4 MPH)
|
Batting: RHB Danny Tartabull
|
0-0: Called Strike 0-1: Foul Ball, location: 2F 0-2: Fly out, F8 (Flyball, 8RM, EV 96.9 MPH)
|
Bottom of the 1st over - 0 runs, 0 hits, 0 errors, 0 left on base; Toledo 0 - Columbus 0 |
TOP OF THE 2ND |
Toledo Mud Hens batting - Pitching for Columbus Jets : RHP Darryl Banks
|
Batting: LHB Jerry Tabb
|
0-0: Fly out, F8 (Flyball, 8RM, EV 90.6 MPH)
|
Batting: LHB Randy S Johnson
|
0-0: Ball 1-0: Swinging Strike 1-1: Swinging Strike 1-2: Ball 2-2: Strikes out swinging
|
Batting: LHB Ron Diggle
|
0-0: Ball 1-0: Foul Ball, location: 2F 1-1: Foul Ball, location: 2F 1-2: Ball 2-2: Fly out, F8 (Flyball, 8LXD, EV 108.8 MPH)
|
Top of the 2nd over - 0 runs, 0 hits, 0 errors, 0 left on base; Toledo 0 - Columbus 0 |
BOTTOM OF THE 2ND |
Columbus Jets batting - Pitching for Toledo Mud Hens : RHP Dennis Deck
|
Batting: LHB Larry Sheets
|
0-0: Ball 1-0: SINGLE (Groundball, P, EV 78.8 MPH) (infield hit)
|
Batting: RHB Jim Maler
|
0-0: Ball 1-0: SINGLE (Line Drive, 7S, EV 96.9 MPH) Larry Sheets to second
|
Batting: RHB Michael Ventress
|
0-0: Called Strike 0-1: Foul Ball, location: 2F 0-2: Ball 1-2: Ball 2-2: Strikes out looking
|
Batting: RHB Jorge Martinez
|
0-0: Fly out, F4 (Popup, 3S, EV 79.4 MPH)
|
Batting: RHB Ray Smith
|
0-0: Called Strike 0-1: Ball 1-1: Ball 2-1: Ground out 3-1 (Groundball, 34, EV 88.1 MPH)
|
Bottom of the 2nd over - 0 runs, 2 hits, 0 errors, 2 left on base; Toledo 0 - Columbus 0 |
TOP OF THE 3RD |
Toledo Mud Hens batting - Pitching for Columbus Jets : RHP Darryl Banks
|
Batting: RHB Gary Allenson
|
0-0: Ball 1-0: Ball 2-0: Ball 3-0: Base on Balls
|
Batting: LHB Rich Coggins
|
0-0: Ball 1-0: Fielders Choice at 2nd, 4-6 (Groundball, 34, EV 78.1 MPH)
|
Batting: LHB George LaCoe
|
0-0: Called Strike 0-1: Fly out, F9 (Flyball, 9S, EV 89.4 MPH)
|
Batting: RHB Nick Capra
|
0-0: Ball Rich Coggins steals 2nd base 1-0: Ground out 4-3 (Groundball, 4, EV 88.1 MPH)
|
Top of the 3rd over - 0 runs, 0 hits, 0 errors, 1 left on base; Toledo 0 - Columbus 0 |
BOTTOM OF THE 3RD |
Columbus Jets batting - Pitching for Toledo Mud Hens : RHP Dennis Deck
|
Batting: RHB Jackie Gutierrez
|
0-0: Ground out 6-3 (Groundball, 6, EV 80.6 MPH)
|
Batting: LHB Craig Brooks
|
0-0: Fly out, F4 (Popup, 34S, EV 83.8 MPH)
|
Batting: RHB Greg Schultz
|
0-0: Foul Ball, location: 2F 0-1: Called Strike 0-2: SINGLE (Groundball, 56, EV 78.8 MPH) (infield hit)
|
Batting: RHB Danny Tartabull
|
0-0: Ball 1-0: Ball 2-0: Called Strike 2-1: Swinging Strike 2-2: Strikes out swinging, 2-3 out at first.
|
Bottom of the 3rd over - 0 runs, 1 hit, 0 errors, 1 left on base; Toledo 0 - Columbus 0 |
TOP OF THE 4TH |
Toledo Mud Hens batting - Pitching for Columbus Jets : RHP Darryl Banks
|
Batting: RHB Don Lyle
|
0-0: Ball 1-0: SINGLE (Line Drive, 4MD, EV 111.9 MPH)
|
Batting: SHB Ken Henderson
|
0-0: Ball 1-0: Foul Ball, location: 2F 1-1: Foul Ball, location: 2F 1-2: Foul Ball, location: 2F 1-2: Ball 2-2: Ball 3-2: SINGLE (Groundball, 4D, EV 102.5 MPH) Don Lyle to second Don Lyle to third
|
Batting: LHB Jerry Tabb
|
0-0: Swinging Strike 0-1: Ball 1-1: Swinging Strike 1-2: Ball 2-2: Strikes out swinging
|
Batting: LHB Randy S Johnson
|
0-0: Called Strike 0-1: Fly out, F8 (Flyball, 8RXD, EV 93.8 MPH) Runner from 3rd tags up, SCORES, no throw by CF
|
Batting: LHB Ron Diggle
|
0-0: Ball 1-0: Fly out, F7 (Flyball, 7LS, EV 76.3 MPH)
|
Top of the 4th over - 1 run, 2 hits, 0 errors, 1 left on base; Toledo 1 - Columbus 0 |
BOTTOM OF THE 4TH |
Columbus Jets batting - Pitching for Toledo Mud Hens : RHP Dennis Deck
|
Batting: LHB Larry Sheets
|
0-0: Fly out, F4 (Line Drive, 4, EV 67.5 MPH)
|
Batting: RHB Jim Maler
|
0-0: Called Strike 0-1: Ball 1-1: Fly out, F3 (Popup, 34, EV 60.6 MPH)
|
Batting: RHB Michael Ventress
|
0-0: Swinging Strike 0-1: Foul Ball, location: 2F 0-2: Ball 1-2: Ground out 5-3 (Groundball, 56, EV 81.3 MPH)
|
Bottom of the 4th over - 0 runs, 0 hits, 0 errors, 0 left on base; Toledo 1 - Columbus 0 |
TOP OF THE 5TH |
Toledo Mud Hens batting - Pitching for Columbus Jets : RHP Darryl Banks
|
Batting: RHB Gary Allenson
|
0-0: SOLO HOME RUN (Flyball, 9D, EV 105.6 MPH), Distance : 365 ft
|
Batting: LHB Rich Coggins
|
0-0: Called Strike 0-1: Ground out 6-3 (Groundball, 6, EV 100.6 MPH)
|
Batting: LHB George LaCoe
|
0-0: Foul Ball, location: 2F 0-1: Swinging Strike 0-2: Ball 1-2: SINGLE (Groundball, 34D, EV 106.9 MPH)
|
Batting: RHB Nick Capra
|
0-0: Ball 1-0: Ball 2-0: Ball 3-0: Called Strike 3-1: Fly out, F8 (Line Drive, 8LM, EV 107.5 MPH)
|
Batting: RHB Don Lyle
|
0-0: Called Strike 0-1: Ball 1-1: Ball 2-1: Swinging Strike 2-2: Foul Ball, location: 2F 2-2: Fielders Choice at 2nd, 5-4 (Groundball, 56, EV 103.8 MPH)
|
Top of the 5th over - 1 run, 2 hits, 0 errors, 1 left on base; Toledo 2 - Columbus 0 |
BOTTOM OF THE 5TH |
Columbus Jets batting - Pitching for Toledo Mud Hens : RHP Dennis Deck
|
Batting: RHB Jorge Martinez
|
0-0: Ball 1-0: Swinging Strike 1-1: Ground out 4-3 (Groundball, 4, EV 88.8 MPH)
|
Batting: RHB Ray Smith
|
0-0: Fly out, F8 (Flyball, 8RD, EV 103.8 MPH)
|
Batting: RHB Jackie Gutierrez
|
0-0: DOUBLE (Groundball, 5L, EV 103.8 MPH)
|
Batting: LHB Craig Brooks
|
0-0: Foul Ball, location: 2F 0-1: Fly out, F8 (Line Drive, 8RD, EV 91.3 MPH)
|
Bottom of the 5th over - 0 runs, 1 hit, 0 errors, 1 left on base; Toledo 2 - Columbus 0 |
TOP OF THE 6TH |
Toledo Mud Hens batting - Pitching for Columbus Jets : RHP Darryl Banks
|
Batting: SHB Ken Henderson
|
0-0: Ball 1-0: Called Strike 1-1: Called Strike 1-2: Ball 2-2: Ball 3-2: DOUBLE (Flyball, 78D, EV 116.9 MPH)
|
Batting: LHB Jerry Tabb
|
0-0: Ball 1-0: Called Strike 1-1: Fly out, F5 (Popup, 25F, EV 91.3 MPH)
|
Batting: LHB Randy S Johnson
|
0-0: Called Strike 0-1: Ball 1-1: Foul Ball, location: 2F 1-2: Strikes out looking
|
Batting: LHB Ron Diggle
|
0-0: Intentional Walk
|
Batting: RHB Gary Allenson
|
0-0: Called Strike 0-1: Foul Ball, location: 2F 0-2: SINGLE (Line Drive, 34, EV 97.5 MPH) Ken Henderson to third Ron Diggle to second Runner from 3rd tries for Home, SAFE, throw by RF to home
|
Batting: LHB Rich Coggins
|
0-0: Ball 1-0: SINGLE (Groundball, 4MD, EV 104.4 MPH) Ron Diggle to third Gary Allenson to second Runner from 3rd tries for Home, SAFE, throw by CF to home
|
Batting: LHB George LaCoe
|
0-0: Swinging Strike 0-1: Ball 1-1: Foul Ball, location: 2F 1-2: Ball 2-2: Fielders Choice at 2nd, 6-4 (Groundball, 6, EV 86.9 MPH)
|
Top of the 6th over - 2 runs, 3 hits, 0 errors, 2 left on base; Toledo 4 - Columbus 0 |
BOTTOM OF THE 6TH |
Columbus Jets batting - Pitching for Toledo Mud Hens : RHP Dennis Deck
|
Batting: RHB Greg Schultz
|
0-0: Foul Ball, location: 2F 0-1: Swinging Strike 0-2: Strikes out looking
|
Batting: RHB Danny Tartabull
|
0-0: Ball 1-0: Ball 2-0: Ball 3-0: Called Strike 3-1: Called Strike 3-2: Strikes out swinging
|
Batting: LHB Larry Sheets
|
0-0: Called Strike 0-1: Ball 1-1: Ground out 5-3 (Groundball, 5S, EV 75.0 MPH)
|
Bottom of the 6th over - 0 runs, 0 hits, 0 errors, 0 left on base; Toledo 4 - Columbus 0 |
TOP OF THE 7TH |
Toledo Mud Hens batting - Pitching for Columbus Jets : RHP Darryl Banks
|
Batting: RHB Nick Capra
|
0-0: Ball 1-0: SINGLE (Groundball, 4M, EV 105.6 MPH) (infield hit)
|
Batting: RHB Don Lyle
|
0-0: Sac Bunt to 23 - play at first, batter OUT! 3-4 Nick Capra to second
|
Batting: SHB Ken Henderson
|
0-0: Ball 1-0: Ball 2-0: SINGLE (Line Drive, 7S, EV 88.1 MPH) Nick Capra to third Runner from 3rd tries for Home, SAFE, throw by LF to home
|
Pitching: RHP Jose Alonso
|
|
Batting: LHB Jerry Tabb
|
0-0: Ball 1-0: Called Strike 1-1: Ball 2-1: Grounds into double play, 6-4-3 (Groundball, 6, EV 84.4 MPH)
|
Top of the 7th over - 1 run, 2 hits, 0 errors, 0 left on base; Toledo 5 - Columbus 0 |
BOTTOM OF THE 7TH |
Columbus Jets batting - Pitching for Toledo Mud Hens : RHP Dennis Deck
|
Batting: RHB Jim Maler
|
0-0: Foul Ball, location: 2F 0-1: Ball 1-1: Fly out, F8 (Flyball, 8LD, EV 93.8 MPH)
|
Batting: RHB Michael Ventress
|
0-0: SINGLE (Line Drive, 4MD, EV 99.4 MPH)
|
Batting: RHB Jorge Martinez
|
0-0: Ball 1-0: Ball 2-0: Called Strike 2-1: Swinging Strike 2-2: Strikes out looking
|
Batting: RHB Ray Smith
|
0-0: Ground out 5-3 (Groundball, 56S, EV 83.1 MPH)
|
Bottom of the 7th over - 0 runs, 1 hit, 0 errors, 1 left on base; Toledo 5 - Columbus 0 |
TOP OF THE 8TH |
Toledo Mud Hens batting - Pitching for Columbus Jets : RHP Jose Alonso
|
Batting: LHB Randy S Johnson
|
0-0: Ball 1-0: Called Strike 1-1: Fly out, F7 (Line Drive, 7, EV 101.3 MPH)
|
Batting: LHB Ron Diggle
|
0-0: Ball 1-0: Called Strike 1-1: Called Strike 1-2: Ball 2-2: Strikes out looking
|
Batting: RHB Gary Allenson
|
0-0: Ball 1-0: Fly out, F9 (Flyball, 9LD, EV 108.8 MPH)
|
Top of the 8th over - 0 runs, 0 hits, 0 errors, 0 left on base; Toledo 5 - Columbus 0 |
BOTTOM OF THE 8TH |
Columbus Jets batting - Pitching for Toledo Mud Hens : RHP Dennis Deck
|
Batting: RHB Jackie Gutierrez
|
0-0: Ball 1-0: Swinging Strike 1-1: Foul Ball, location: 2F 1-2: Strikes out swinging
|
Batting: LHB Craig Brooks
|
0-0: Ball 1-0: Foul Ball, location: 2F 1-1: Ball 2-1: SOLO HOME RUN (Flyball, 9LD, EV 101.3 MPH), Distance : 348 ft
|
Batting: RHB Greg Schultz
|
0-0: Called Strike 0-1: Ball 1-1: Ball 2-1: Foul Ball, location: 2F 2-2: SINGLE (Groundball, 4MS, EV 86.9 MPH) (infield hit)
|
Batting: RHB Danny Tartabull
|
0-0: Called Strike 0-1: Foul Ball, location: 2F 0-2: Strikes out swinging
|
Batting: LHB Larry Sheets
|
0-0: Fly out, F8 (Flyball, 8LXD, EV 80.6 MPH)
|
Bottom of the 8th over - 1 run, 2 hits, 0 errors, 1 left on base; Toledo 5 - Columbus 1 |
TOP OF THE 9TH |
Toledo Mud Hens batting - Pitching for Columbus Jets : RHP Jose Alonso
|
Batting: LHB Rich Coggins
|
0-0: Ball 1-0: Ball 2-0: Fly out, F4 (Line Drive, 4, EV 65.6 MPH)
|
Batting: LHB George LaCoe
|
0-0: Swinging Strike 0-1: Ball 1-1: Called Strike 1-2: Fly out, F8 (Flyball, 8RS, EV 86.3 MPH)
|
Batting: RHB Nick Capra
|
0-0: Ball 1-0: Ball 2-0: Swinging Strike 2-1: Foul Ball, location: 2F 2-2: Ground out 5-3 (Groundball, 56, EV 85.6 MPH)
|
Top of the 9th over - 0 runs, 0 hits, 0 errors, 0 left on base; Toledo 5 - Columbus 1 |
BOTTOM OF THE 9TH |
Columbus Jets batting - Pitching for Toledo Mud Hens : RHP Dennis Deck
|
Batting: RHB Jim Maler
|
0-0: Called Strike 0-1: SOLO HOME RUN (Flyball, 7LD, EV 104.4 MPH), Distance : 340 ft
|
Batting: RHB Michael Ventress
|
0-0: Ground out 6-3 (Groundball, 6, EV 84.4 MPH)
|
Batting: RHB Jorge Martinez
|
0-0: Called Strike 0-1: Ground out 6-3 (Groundball, 56, EV 98.8 MPH)
|
Batting: RHB Ray Smith
|
0-0: Ball 1-0: Called Strike 1-1: Ground out 5-3 (Groundball, 56, EV 105.0 MPH)
|
Bottom of the 9th over - 1 run, 1 hit, 0 errors, 0 left on base; Toledo 5 - Columbus 2 |
|